AoeStats
← zulin

Nomad

506166002Analyzed
4v4 RM · 20d ago on Sep 12, 2026· 46m 16s· 8 players
Game mode
Random Map
Map size
231×231
Population
200
Speed
Normal
Resources
Standard
Victory
Conquest
Starting age
Dark Age
Ending age
Imperial Age
RankedLock teamsTeams togetherTeam positionsShared explorationLock speedFull tech treeHidden civsTurbo modeCheats
Victory
Defeat
🇨🇱 Berbers · Chile
1229
+14
🇨🇱 Persians · Chile
1179
+16
🇨🇱 Wu · Chile
1140
+17
🇨🇱 Italians · Chile
1089
+18
🇩🇪 Persians · Germany
1191
-17
🇩🇪 Dravidians · Germany
1185
-17
🇲🇽 Vietnamese · Mexico
1169
-16
🇧🇷 Bohemians · Brazil
1144
-15
PkMn-
3:21 Loom
15:16 Feudal Age
17:15 Stone Mining
19:34 Castle Age
18:09 Double-Bit Axe
21:00 Fletching
22:12 Bodkin Arrow
29:45 Horse Collar
31:39 Padded Archer Armor
32:55 Leather Archer Armor
34:22 Wheelbarrow
39:11 Imperial Age
37:54 Gold Mining
38:33 Hand Cart
39:16 Heavy Plow
39:29 Bow Saw
39:58 Ballistics
40:00 Bracer
41:14 Chemistry
40:22 Pikeman
41:06 Scale Mail Armor
42:01 Ring Archer Armor
42:50 Two-Man Saw
42:44 Chain Mail Armor
42:40 Forging
44:17 Plate Mail Armor
44:23 Iron Casting
43:47 Halberdier
46:42 Paper Money
jax0n
5:39 Loom
13:03 Feudal Age
16:40 Double-Bit Axe
16:44 Man-at-Arms
17:10 Arson
17:22 Fishing Lines
18:43 Horse Collar
26:10 Castle Age
25:38 Scale Mail Armor
26:14 Pikeman
28:37 Bow Saw
28:44 Squires
38:28 Elite Skirmisher
39:16 Fletching
39:26 Padded Archer Armor
41:46 Leather Archer Armor
44:03 Thumb Ring
hurricanehoffmann
6:40 Loom
13:07 Feudal Age
16:55 Castle Age
15:38 Horse Collar
16:43 Town Watch
18:58 Fletching
23:51 Double-Bit Axe
25:31 Heavy Plow
28:47 Wheelbarrow
29:20 Bodkin Arrow
30:52 Gold Mining
36:28 Imperial Age
34:09 Scale Barding Armor
34:15 Forging
35:12 Bloodlines
35:03 Husbandry
37:04 Heavy Camel Rider
38:47 Citadels
40:24 Chain Barding Armor
40:40 Iron Casting
44:49 Light Cavalry
zulin
3:45 Loom
14:53 Feudal Age
18:55 Castle Age
16:58 Double-Bit Axe
16:54 Horse Collar
17:43 Fletching
18:30 Fishing Lines
19:44 Wheelbarrow
18:57 Town Watch
21:29 Wheelbarrow
21:20 Bow Saw
21:13 Heavy Plow
24:18 Bodkin Arrow
30:34 Padded Archer Armor
32:11 Elite Skirmisher
34:00 Pikeman
39:21 Hand Cart
44:59 Imperial Age
42:56 Squires
42:42 Arson
42:58 Scale Mail Armor
45:01 Halberdier
cavidal1
4:51 Loom
13:54 Feudal Age
21:04 Castle Age
20:25 Fishing Lines
21:31 Bloodlines
21:27 Scale Barding Armor
22:13 Forging
25:59 Husbandry
35:17 Herbal Medicine
35:59 Gillnets
41:55 Imperial Age
40:04 Fletching
43:14 Imperial Age
41:21 Kasbah
42:23 Ballistics
42:54 Masonry
43:37 Heavy Camel Rider
45:23 Chain Barding Armor
47:19 Iron Casting
47:20 Plate Barding Armor
Xavier
12:39 Loom
14:25 Feudal Age
15:31 Town Watch
16:13 Double-Bit Axe
18:12 Gold Mining
23:20 Castle Age
23:06 Fletching
24:36 Bodkin Arrow
26:05 Red Cliffs Tactics
29:05 Medium Warships
35:16 Horse Collar
35:49 Bow Saw
39:19 Heavy Plow
42:45 Imperial Age
43:51 Ballistics
44:32 Chemistry
43:36 Bracer
43:36 Padded Archer Armor
44:09 Conscription
44:50 Sitting Tiger
44:40 Elite Fire Archer
Marti Beatrice
5:10 Loom
13:11 Feudal Age
17:22 Castle Age
22:28 Horse Collar
27:45 Double-Bit Axe
31:01 Imperial Age
28:51 Bloodlines
29:59 Fervor
30:04 Forging
30:00 Scale Barding Armor
29:57 Husbandry
30:00 Heavy Plow
30:30 Bow Saw
30:46 Gold Mining
30:46 Stone Mining
31:38 Iron Casting
30:53 Cavalier
32:27 Wheelbarrow
32:31 Chain Barding Armor
34:02 Blast Furnace
32:49 Savar
33:56 Ballistics
33:59 Hand Cart
34:29 Crop Rotation
35:22 Two-Man Saw
36:34 Plate Barding Armor
37:44 Fletching
40:13 Chemistry
39:08 Murder Holes
39:24 Masonry
39:03 Town Watch
39:55 Conscription
39:46 Citadels
44:53 Kamandaran
45:28 Hoardings
44:24 Sappers
Buforbotzo
5:40 Loom
15:25 Feudal Age
16:14 Double-Bit Axe
17:10 Wheelbarrow
18:43 Fishing Lines
19:11 Gold Mining
22:14 Town Watch
25:12 Castle Age
32:17 Stone Mining
33:04 Gillnets
35:21 Hand Cart
35:08 Town Patrol
35:51 Ballistics
35:40 Fletching
35:50 Padded Archer Armor
36:42 Bodkin Arrow
37:55 Leather Archer Armor
38:38 Thumb Ring
40:55 Elite Skirmisher
45:08 Imperial Age
45:53 Bracer
45:27 Capped Ram
Connection lost

Rejoining the realm…

Still unreachable

The connection could not be restored.

Session expired

The server has moved on; the page needs a fresh start.